 Dungeon Crawl Stone Soup version 0.31-a0-978-g1e143483b6 (webtiles) character file.

Game seed: 8610779629114770480

89 Arzdou the Changeling (level 4, 0/38 HPs)
             Began as a Naga Shapeshifter on Oct 30, 2023.
             Slain by Ijyb
             ... wielding a +0 club
              (1 damage)
             ... on level 3 of the Dungeon.
             The game lasted 00:04:35 (2761 turns).

Arzdou the Changeling (Naga Shapeshifter)           Turns: 2761, Time: 00:04:36

Health: 0/38       AC:  6    Str: 16    XL:     4   Next: 55%
Magic:  4/4        EV: 10    Int: 17    God:
Gold:   83         SH:  0    Dex: 12    Spells: 3/3 levels left

rFire   . . .        n - +0 short sword
rCold   . . .        (no shield)
rNeg    . . .        a - +0 animal skin
rPois   +            (helmet currently unavailable)
rElec   .            (cloak currently unavailable)
rCorr   .            (gloves currently unavailable)
SInv    +            (no barding)
Will    +....        (no amulet)
Stlth   +            i - +4 ring of protection
HPRegen 0.26/turn    q - +6 ring of intelligence
MPRegen 0.09/turn

%: no passive effects
@: confused, beast-form, enlightened, flying, very slow
A: beast (slay +2), AC +1, large, see invisible, deformed body, poison
resistance, slowness 2, spit poison 1, naga tail 1
a: Spit Poison, Begin Untransformation


You were on level 3 of the Dungeon.
You were a hulking beast.
You visited 1 branch of the dungeon, and saw 3 of its levels.

You collected 83 gold pieces.

Inventory:

Hand Weapons
 n - a +0 short sword (weapon)
Armour
 a - a +0 animal skin (worn)
 e - a +0 cloak
 l - a +0 chain mail
Jewellery
 h - a ring of fire
 i - a +4 ring of protection (left hand)
 q - a +6 ring of intelligence (right hand)
Talismans
 c - a beast talisman
 d - a flux talisman
 p - a serpent talisman
Wands
 f - a wand of light (10)
Scrolls
 g - a scroll of blinking {unknown}
 m - 2 scrolls of identify {unknown}
 o - a scroll of fear {unknown}
 r - a scroll of immolation {unknown}
 t - a scroll of enchant armour {unknown}
Potions
 j - a potion of heal wounds {unknown}
 s - a potion of attraction {unknown}


   Skills:
 - Level 1.2 Fighting
 - Level 1.7 Dodging
 - Level 3.1 Unarmed Combat
 + Level 4.7 Shapeshifting


You had 3 spell levels left.
You didn't know any spells.
Your spell library was empty.

Dungeon Overview and Level Annotations

Branches:
Dungeon (3/15)

Altars:

Shops:
D:1 !

Annotations:
D:3 Ijyb


Innate Abilities, Weirdness & Mutations

You are a hulking beast.
Your limbs bulge with bestial killing power. (Slay +2)
Your serpentine skin is tough. (AC +1)
You have supernaturally acute eyesight. (SInv)
Armour fits poorly on your strangely shaped body.
Your system is resistant to poisons. (rPois)
You cover ground very slowly.
You can spit poison.
You have a snake-like lower body.


Message History

Okay, then.
You are too confused!
You bump into the rock wall.
Ijyb hits you with a +0 club.
You bump into the rock wall.
Ijyb hits you with a +0 club.
* * * LOW HITPOINT WARNING * * *
You miss Ijyb.
Ijyb is moderately wounded.
You feel less confused. Ijyb hits you with a +0 club.
* * * LOW HITPOINT WARNING * * *
You hit Ijyb but do no damage.
Ijyb is moderately wounded.
Ijyb zaps a wand.
Your will is overpowered!
You are confused.
You miss Ijyb.
Ijyb is moderately wounded.
Ijyb hits you with a +0 club.
* * * LOW HITPOINT WARNING * * *
Ijyb zaps a wand.
Your will is overpowered!
You are more confused.
You're too confused to move!
Ijyb screams, "Get away!"
You hit Ijyb but do no damage.
Ijyb is moderately wounded.
Ijyb hits you but does no damage.
Ijyb screams, "Die!"
Ijyb attacks as she pursues you! Ijyb barely misses you.
Ijyb hits you with a +0 club.
* * * LOW HITPOINT WARNING * * *
You hit Ijyb.
Ijyb is moderately wounded.
Ijyb hits you with a +0 club.
* * * LOW HITPOINT WARNING * * *
Ijyb attacks as she pursues you! Ijyb hits you with a +0 club.
* * * LOW HITPOINT WARNING * * *
There is a stone staircase leading down here.
It was a potion of enlightenment.
You feel very buoyant.
You fly up into the air.
Ijyb hits you with a +0 club.
You die...

########........###.##....
#........#####.####.##.####
#.######## #.........# #.#
#.####.#### ##.# #.# #.# ####..#
#.# #.##### ......## #.# #.. ..#
##.....## ########.# ##.##
#.......# #....÷hg.#######...##
##...†.## #.######............##
##...## #.# #.#####.......##
####..#####.# #.####.........#
............# #.....).........
####..#################..........
#............................##
#...######## ####...#.#.....##
###...##### #...#.#.##....#


You could see Ijyb.

Vanquished Creatures
  5 adders (D:2)
  A dart slug (D:3)
  An orc (D:2)
  An endoplasm (D:2)
  2 giant cockroaches (D:3)
  4 goblins
  7 hobgoblins
  2 jackals (D:2)
  4 quokkas
  A ball python (D:1)
  2 bats (D:2)
  A frilled lizard (D:3)
  4 kobolds
  4 rats
39 creatures vanquished.

Notes
Turn   | Place    | Note
-------+----------+-------------------------------------------
     0 | D:1      | Arzdou the Naga Shapeshifter began the quest for the Orb.
     0 | D:1      | Reached XP level 1. HP: 18/18 MP: 1/1
   445 | D:1      | Found Besa's Distillery.
   482 | D:1      | Found a faded altar of an unknown god.
   743 | D:1      | Reached XP level 2. HP: 22/25 MP: 2/2
  1246 | D:2      | HP: 1/25 [poisoned by an adder]
  1247 | D:2      | Reached XP level 3. HP: 2/31 MP: 3/3
  1383 | D:2      | Reached skill level 4 in Shapeshifting
  1664 | D:2      | Reached XP level 4. HP: 18/38 MP: 4/4
  2434 | D:3      | Noticed Ijyb
  2760 | D:3      | HP: 1/38 [Ijyb/+0 club (3)]
  2761 | D:3      | Slain by Ijyb

Illustrated notes

Levels and vault maps discovered:
D:1:      dpeg_arrival_radiant, layout_loops_corners,
          dreamdust_ecumenical_altar_grove, serial_shops,
          nicolae_shop_industrial_runoff
D:2:      layout_basic, glass_columns_b
D:3:      layout_loops_ring, nicolae_vehumet_altar_sigil,
          minmay_misc_feat_pillars, minmay_bisected, uniq_ijyb

Skill      XL: |  1  2  3 |
---------------+----------+-----
Shapeshifting  | 4 |  4.7
Fighting       | |  1.2
Dodging        | |  1.7
Unarmed Combat | |  3.1

Action                     |  1- 3 |  4- 6 || total
---------------------------+-------+-------++-------
  Melee: Unarmed           |   106 |    12 ||   118
         Punch             |     2 |     4 ||     6
         Short sword       |       |    91 ||    91
    Use: Potion            |     1 |     2 ||     3
   Stab: Sleeping          |     2 |       ||     2
 Armour: Animal skin       |    61 |    63 ||   124
         Skin              |       |    32 ||    32
  Dodge: Dodged            |    51 |    64 ||   115

Table legend: (Time is in decaauts)
 A = Elapsed time spent in this place.
 B = Non-inter-level travel time spent in this place.
 C = Inter-level travel time spent in this place.
 D = Time resting spent in this place.
 E = Time spent auto-exploring this place.
 F = Levels seen in this place.
 G = Mean time per level.
                   A        B        C        D        E       F      G
               +--------+--------+--------+--------+--------+-----+--------+
         Total |   3546 |   3326 |    220 |    182 |   2594 |   3 | 1182.0 |
       Dungeon |   3546 |   3326 |    220 |    182 |   2594 |   3 | 1182.0 |
               +--------+--------+--------+--------+--------+-----+--------+

Top non-repeatable levels by time:
     D:2: 1765 daAuts
     D:1: 1415 daAuts
     D:3: 366 daAuts
